AoeStats
← TuCAAA :D

African Clearing

510638684Analyzed
4v4 RM · 1d ago on Oct 1, 2026· 32m 3s· 8 players
Game mode
Random Map
Map size
Large (8 player)
Population
200
Speed
Normal
Resources
Standard
Victory
Conquest
Starting age
Dark Age
Ending age
Imperial Age
RankedLock teamsTeams togetherTeam positionsShared explorationLock speedFull tech treeHidden civsTurbo modeCheats
Victory
Defeat
🇹🇼 Poles · Taiwan
1276
+11
🇺🇸 Mapuche · United States
1276
+11
🇨🇳 Japanese · China
1253
+13
🇫🇷 Malians · France
1244
+13
🇦🇷 Persians · Argentina
1435
-21
🇦🇷 Spanish · Argentina
1150
-11
🇦🇷 Chinese · Argentina
1148
-11
🇦🇷 Aztecs · Argentina
942
-5
BoogStasher3000
3:36 Loom
5:12 Loom
12:37 Feudal Age
18:14 Castle Age
16:35 Double-Bit Axe
16:50 Fletching
17:01 Padded Archer Armor
18:15 Horse Collar
19:35 Wheelbarrow
19:02 Bodkin Arrow
19:23 Leather Archer Armor
20:30 Bow Saw
24:04 Heavy Plow
25:03 Gold Mining
30:06 Ballistics
30:19 Hand Cart
Cattiva
13:44 Feudal Age
12:05 Loom
17:12 Castle Age
15:30 Horse Collar
15:37 Double-Bit Axe
18:29 Heavy Plow
22:45 Bow Saw
24:13 Pikeman
26:35 Elite Skirmisher
29:37 Scale Barding Armor
29:44 Forging
30:34 Szlachta Privileges
32:02 Fletching
32:35 Chain Barding Armor
32:32 Bloodlines
32:23 Husbandry
wuming
3:05 Loom
13:37 Feudal Age
18:21 Castle Age
16:59 Double-Bit Axe
17:42 Horse Collar
18:31 Fletching
20:05 Wheelbarrow
19:59 Town Watch
21:44 Gold Mining
23:50 Padded Archer Armor
25:45 Bodkin Arrow
27:06 Bow Saw
27:42 Ballistics
28:14 Leather Archer Armor
29:13 Bloodlines
30:19 Husbandry
30:35 Hand Cart
Rpt
4:56 Loom
14:42 Feudal Age
18:55 Castle Age
17:50 Stone Mining
17:49 Double-Bit Axe
21:59 Forging
22:12 Scale Mail Armor
26:47 Horse Collar
28:24 Chain Mail Armor
30:19 Wheelbarrow
29:36 Town Watch
mariovanper
10:57 Loom
14:51 Feudal Age
18:32 Castle Age
22:49 Bloodlines
24:02 Padded Archer Armor
BoxStars
3:01 Loom
13:23 Feudal Age
17:43 Castle Age
TuCAAA :D
14:13 Feudal Age
13:09 Loom
16:33 Double-Bit Axe
19:02 Castle Age
17:27 Horse Collar
18:11 Gold Mining
maloni12
13:47 Feudal Age
15:14 Double-Bit Axe
16:06 Loom
17:56 Horse Collar
21:52 Castle Age
22:48 Bow Saw
27:10 Heavy Plow
28:51 Wheelbarrow
28:10 Treadmill Crane
29:10 Murder Holes
29:11 Gold Mining
29:37 Fervor
29:58 Forging
29:49 Scale Mail Armor
30:15 Gambesons
30:31 Squires
31:08 Ballistics
30:55 Town Watch
Connection lost

Rejoining the realm…

Still unreachable

The connection could not be restored.

Session expired

The server has moved on; the page needs a fresh start.